 Dungeon Sprint DCSS version 0.31-a0-662-g684573625c (webtiles) character file.

Game seed: 10626084480389029111

8454 sircluck the Warrior (level 11, -2/115 (117) HPs)
             Began as a White Draconian Berserker on Aug 31, 2023.
             Was the Champion of Trog.
             Slain by an unseen horror (3 damage)
             ... in the Dungeon (Sprint I: "Red Sonja").
             The game lasted 00:08:11 (1821 turns).

sircluck the Warrior (White Draconian Berserker)    Turns: 1821, Time: 00:08:12

HP:   -2/115 (117)  AC:  7    Str: 24    XL:     11   Next: 10%
MP:   3/3           EV: 14    Int:  2    God:    Trog [******]
Gold: 463           SH: 20    Dex: 10    Spells: 10/10 levels left

rFire   . . .        n - +3 mace of Orthodoxy {antimagic, Will+}
rCold   + . .        k - +10 tower shield of Ignorance {rN+ Int-4}
rNeg    + . .        (body armour unavailable)
rPois   .            (helmet restricted)
rElec   .            (no cloak)
rCorr   .            (no gloves)
SInv    .            (no boots)
Will    +....        (no amulet)
Stlth   +            (no ring)
HPRegen 0.39/turn    (no ring)
MPRegen 0.08/turn

%: no teleportation
@: lightly drained
A: breathe frost, AC +7, unfitting armour, cold resistance 1, cold-blooded,
deterioration 1, dopey 1, low MP 1, inability to drink after injury 1
a: Breathe Frost, Renounce Religion, Berserk, Trog's Hand, Brothers in Arms


You were in the Dungeon.
You worshipped Trog.
Trog was exalted by your worship.
You visited 1 branch You collected 1901 gold pieces.
You spent 1438 gold pieces at shops.

Inventory:

Hand Weapons
 a - a +0 mace
 g - a +4 orcbow
 i - a +2 morningstar of protection
 n - the +3 mace of Orthodoxy (weapon) {antimagic, Will+}
   (Trog gifted it to you in the Dungeon)

   Will+:     It increases your willpower.
Missiles
 m - 11 stones
Armour
 k - the +10 tower shield of Ignorance (worn) {rN+ Int-4}
   (You bought it in a shop in the Dungeon)

   Int-4:     It affects your intelligence (-4).
   rN+:       It protects you from negative energy.
Wands
 h - a wand of flame (7)
Scrolls
 c - a scroll of acquirement
 o - a scroll of brand weapon
 p - a scroll of fog {unknown}
Potions
 b - 3 potions of curing
 d - a potion of haste
 e - 2 potions of magic
 f - a potion of berserk rage
 j - a potion of enlightenment {unknown}
 l - a potion of resistance {unknown}
Miscellaneous
 q - a phial of floods


   Skills:
 + Level 17.5 Fighting
 + Level 15.9 Maces & Flails
 + Level 14.7 Dodging


You had 10 spell levels left.
You didn't know any spells.
Your spell library was empty.

Dungeon Overview and Level Annotations

Branches:
Dungeon (1/1)

Altars:
Cheibriados
Dithmenos
Elyvilon
Fedhas
Gozag
Hepliaklqana
Kikubaaqudgha
Makhleb
Nemelex Xobeh
Okawaru
Qazlal
Ru
Sif Muna
Trog
Uskayaw
Vehumet
Wu Jian
Xom
Yredelemnul
Zin
The Shining One
Jiyva
Lugonu

Shops:
D ([!(*[!:(*[[(((=?=*[*


Innate Abilities, Weirdness & Mutations

You can breathe waves of freezing cold which knock back foes.
Your icy white scales are hard. (AC +7)
You cannot fit into any form of body armour.
Your flesh is cold resistant. (rC+)
You are cold-blooded and may be slowed by cold attacks.
Your body sometimes deteriorates upon taking damage.
You are dopey. (Int -2)
Your magical capacity is low. (-10% MP)
You occasionally lose the ability to drink potions when taking damage.


Message History

Something barely misses you.
You enter the shallow water.
Moving in this stuff is going to be slow.
You block something's attack. Something hits you.
Your unstable footing causes you to fumble your attack.
Something hits you.
You miss something. Something hits you.
* * * LOW HITPOINT WARNING * * *
Something hits you.
* * * LOW HITPOINT WARNING * * *
Something hits you.
* * * LOW HITPOINT WARNING * * *
Something hits you but does no damage. x2
You barely miss something. Something hits you but does no damage.
Something hits you.
* * * LOW HITPOINT WARNING * * *
You block something's attack.
You hit something. Something hits you.
* * * LOW HITPOINT WARNING * * *
You hear a splashing noise.
Something hits you but does no damage.
You completely miss something. Something hits you but does no damage.
Something closely misses you.
Aim the phial where?
Press: ? - help, Q - select action, (/) - cycle Shift-Dir - straight line
Okay, then.
Something hits you but does no damage. x2
You block something's attack.
There is an open door, spattered with blood here.
You miss something.
Your tail-slap misses something.
You block something's attack. Something barely misses you.
You miss something.
Your tail-slap misses something.
Something hits you!
* * * LOW HITPOINT WARNING * * *
You barely miss something. Something hits you but does no damage.
You block something's attack. Something hits you!
* * * LOW HITPOINT WARNING * * *
You sock something! You block something's attack. Something hits you.
* * * LOW HITPOINT WARNING * * *
Something hits you.
You die...

_###(#.#..[.###.')#
####c####'###.###.#
..'.c.'.....'.∩##.#
###...###########.#
####.###.......##.#
.#.#'#.#..........#
.#.....#'''######.#
.#...:.#......{{#§#
.#######..†.§§§#@{#
.##..)[.†.§...{####
.##.......§§.~~#
.###.......~~~## ##
###..~~~~###
∩####'######'###
.##∩∩########∩∩#
∩###∩∩∩∩∩∩∩∩∩∩## ##
############


There were no monsters in sight!

Vanquished Creatures
  2 centaur warriors (D)
  Sonja (D)
  A deep troll (D)
  A shining eye (D)
  An oklob plant (D)
  2 kobold demonologists (D)
  A hornet (D)
  Sigmund (D)
  A slime creature (D)
  A yak (D)
  2 redbacks (D)
  4 floating eyes (D)
  An ogre (D)
  7 necrophages (D)
  8 jellies (D)
  Ijyb (D)
35 creatures vanquished.

Vanquished Creatures (collateral kills)
  7 shining eyes (D)
  2 floating eyes (D)
9 creatures vanquished.

Vanquished Creatures (others)
  2 ballistomycete spores (D)
2 creatures vanquished.

Grand Total: 46 creatures vanquished

Notes
Turn   | Place    | Note
-------+----------+-------------------------------------------
     0 | D        | sircluck the Draconian Berserker began the quest for the
                  | Orb.
     0 | D        | Reached XP level 1. HP: 19/19 MP: 1/1
     2 | D        | Noticed Ijyb
     5 | D        | Killed Ijyb
     6 | D        | Reached skill level 5 in Fighting
     6 | D        | Reached XP level 2. HP: 29/29 MP: 2/2
    43 | D        | Noticed an ogre
    52 | D        | Killed an ogre
    53 | D        | Reached skill level 6 in Fighting
    53 | D        | Reached skill level 5 in Dodging
    53 | D        | Reached XP level 3. HP: 14/38 MP: 3/3
    53 | D        | Reached XP level 4. HP: 16/45 MP: 4/4
   161 | D        | Noticed Sigmund
   169 | D        | Killed Sigmund
   169 | D        | Reached ** piety under Trog
   170 | D        | Reached skill level 8 in Fighting
   170 | D        | Reached XP level 5. HP: 41/56 MP: 5/5
   170 | D        | Reached XP level 6. HP: 45/62 MP: 6/6
   224 | D        | Found a burning altar of Makhleb.
   224 | D        | Found a viscous altar of Jiyva.
   224 | D        | Found a shimmering altar of Xom.
   224 | D        | Found a corrupted altar of Lugonu.
   224 | D        | Noticed a slime creature
   233 | D        | Killed a slime creature
   234 | D        | Reached skill level 9 in Fighting
   266 | D        | Found an ornate altar of the Wu Jian Council.
   266 | D        | Found a shimmering blue altar of Sif Muna.
   268 | D        | Found a radiant altar of Vehumet.
   272 | D        | Reached skill level 10 in Fighting
   311 | D        | Found Xuddar's Weapon Emporium.
   311 | D        | Found an ancient bone altar of Kikubaaqudgha.
   311 | D        | Found a hazy altar of Hepliaklqana.
   311 | D        | Found a stormy altar of Qazlal.
   311 | D        | Found a hide-covered altar of Uskayaw.
   311 | D        | Found a blossoming altar of Fedhas.
   311 | D        | Found a bloodstained altar of Trog.
   311 | D        | Found an iron altar of Okawaru.
   311 | D        | Found a basalt altar of Yredelemnul.
   311 | D        | Found a glowing golden altar of the Shining One.
   311 | D        | Found a snail-covered altar of Cheibriados.
   311 | D        | Found a sacrificial altar of Ru.
   311 | D        | Found a glowing silver altar of Zin.
   311 | D        | Found a shadowy altar of Dithmenos.
   311 | D        | Found a white marble altar of Elyvilon.
   311 | D        | Noticed a yak
   317 | D        | Killed a yak
   318 | D        | Your scales start taking on an icy white colour.
   318 | D        | Reached XP level 7. HP: 73/73 MP: 7/7
   318 | D        | Gained mutation: Your flesh is cold resistant. (rC+) [White
                  | Draconian growth]
   318 | D        | Found an opulent altar of Gozag.
   319 | D        | Found a sparkling altar of Nemelex Xobeh.
   323 | D        | Bought a +2 morningstar of protection for 184 gold pieces
   366 | D        | Noticed a kobold demonologist
   367 | D        | Noticed a kobold demonologist
   369 | D        | Reached *** piety under Trog
   374 | D        | Noticed a smoke demon
   376 | D        | Noticed a neqoxec
   376 | D        | Noticed a chaos spawn
   380 | D        | Killed a kobold demonologist
   381 | D        | Reached skill level 11 in Fighting
   381 | D        | Reached skill level 10 in Maces & Flails
   382 | D        | Noticed a hellwing
   383 | D        | Noticed a rust devil
   387 | D        | Killed a kobold demonologist
   387 | D        | Reached **** piety under Trog
   388 | D        | Reached skill level 12 in Fighting
   388 | D        | Reached skill level 10 in Dodging
   388 | D        | Reached XP level 8. HP: 52/83 MP: 8/8
   437 | D        | Noticed Sonja
   442 | D        | Killed Sonja
   443 | D        | Reached skill level 13 in Fighting
   520 | D        | Noticed a deep troll
   525 | D        | Found Emam's Antique Weapon Boutique.
   540 | D        | Killed a deep troll
   541 | D        | Reached XP level 9. HP: 66/94 MP: 9/9
   721 | D        | Noticed a shining eye
   721 | D        | Noticed a shining eye
   721 | D        | Noticed a shining eye
   723 | D        | Gained mutation: Your magical capacity is low. (-10% MP) [a
                  | shining eye]
   725 | D        | Noticed a shining eye
   726 | D        | Killed a shining eye
   727 | D        | Reached skill level 14 in Fighting
   729 | D        | Killed a shining eye
   732 | D        | Killed a shining eye
   732 | D        | Gained mutation: Your body sometimes deteriorates upon
                  | taking damage. [a shining eye]
   732 | D        | Noticed a shining eye
   733 | D        | Reached skill level 15 in Fighting
   735 | D        | Noticed a shining eye
   735 | D        | Paralysed by a floating eye for 4 turns
   735 | D        | Gained mutation: You are dopey. (Int -2) [a shining eye]
   736 | D        | Killed a shining eye
   736 | D        | Reached ***** piety under Trog
   737 | D        | Reached XP level 10. HP: 105/105 MP: 9/9
   739 | D        | Killed a shining eye
   742 | D        | Killed a shining eye
   742 | D        | Identified the +3 mace of Orthodoxy {antimagic, Will+}
                  | (Trog gifted it to you in the Dungeon)
   742 | D        | Received a gift from Trog
   743 | D        | Noticed a shining eye
   743 | D        | Noticed a shining eye
   743 | D        | Gained mutation: You occasionally lose the ability to drink
                  | potions when taking damage. [a shining eye]
   750 | D        | Killed a shining eye
   751 | D        | Reached skill level 16 in Fighting
   751 | D        | Killed a shining eye
   762 | D        | Found Yviogruveo's Armour Shoppe.
   762 | D        | Found Woigint's Assorted Antiques.
   762 | D        | Found Nefaetot's Distillery.
   762 | D        | Found Eseg's Antique Armour Boutique.
   810 | D        | Found Tyf Isia's Armour Emporium.
   818 | D        | Bought the +10 tower shield of Ignorance {rN+ Int-4} for
                  | 630 gold pieces
   818 | D        | Found the +10 tower shield of Ignorance {rN+ Int-4}
   981 | D        | Noticed a centaur warrior
   981 | D        | Noticed a centaur warrior
  1010 | D        | Killed a centaur warrior
  1011 | D        | Reached skill level 15 in Maces & Flails
  1018 | D        | Killed a centaur warrior
  1265 | D        | Noticed an oklob plant
  1291 | D        | Killed an oklob plant
  1292 | D        | Reached skill level 17 in Fighting
  1547 | D        | Reached XP level 11. HP: 106/117 MP: 3/9
  1614 | D        | Reached ****** piety under Trog
  1614 | D        | Received a gift from Trog
  1738 | D        | Found Qyusisai's Book Shoppe.
  1738 | D        | Found Zihad's Distillery.
  1738 | D        | Found Wiutiana's Weapon Boutique.
  1740 | D        | Found Pilluvva's Assorted Antiques.
  1740 | D        | Found Uzalo's Armour Shop.
  1740 | D        | Found Funek's Antique Armour Shoppe.
  1740 | D        | Found Beteah's Weapon Boutique.
  1740 | D        | Found Pelesim's Antique Weapon Emporium.
  1740 | D        | Found Kuinyrgh's Antique Weapon Shop.
  1740 | D        | Found Nyrag's Jewellery Shoppe.
  1759 | D        | Found Eluppuss's Magic Scroll Boutique.
  1760 | D        | Found Kuhielaebli's General Store.
  1760 | D        | Found Luoxkeoq's Jewellery Boutique.
  1761 | D        | Found Saemm's General Store.
  1770 | D        | Bought a scroll of acquirement for 624 gold pieces
  1820 | D        | HP: 4/115 [something (9)]
  1821 | D        | HP: 1/115 [something (4)]
  1821 | D        | Slain by an unseen horror

Illustrated notes

Levels and vault maps discovered:
D:        dungeon_sprint_1 [red_sonja_temple_1, red_sonja_temple_small_1]

Skill      XL: |  1  2  3  4  5  6  7  8  9 10 |
---------------+-------------------------------+-----
Fighting       | 5 6 8 10 12 13 15 17 | 17.5
Maces & Flails | 4 6 7 9 11 12 13 15 | 15.9
Dodging        | 4 5 7 8 10 11 12 14 | 14.7

Action                     |  1- 3 |  4- 6 |  7- 9 | 10-12 || total
---------------------------+-------+-------+-------+-------++-------
  Melee: Mace              |     9 |    21 |       |   138 ||   168
         Tailslap          |     1 |     4 |     3 |    27 ||    35
         Morningstar       |       |       |    32 |     4 ||    36
 Invoke: Berserk           |     1 |     2 |     1 |     2 ||     6
         Brothers in Arms  |       |       |     1 |     1 ||     2
  Evoke: Wand              |     1 |       |     7 |       ||     8
    Use: Potion            |       |       |     1 |     1 ||     2
         Scroll            |       |       |       |     3 ||     3
   Stab: Distracted        |       |       |       |     1 ||     1
 Armour: Skin              |     1 |     7 |    30 |   110 ||   148
  Dodge: Dodged            |     4 |     7 |    20 |    54 ||    85
  Block: Tower shield      |       |       |       |   149 ||   149

Table legend: (Time is in decaauts)
 A = Elapsed time spent in this place.
 B = Non-inter-level travel time spent in this place.
 C = Inter-level travel time spent in this place.
 D = Time resting spent in this place.
 E = Time spent auto-exploring this place.
 F = Levels seen in this place.
 G = Mean time per level.
                   A        B        C        D        E       F      G
               +--------+--------+--------+--------+--------+-----+--------+
         Total |   1882 |   1853 |     29 |   1065 |    116 |   1 | 1882.0 |
       Dungeon |   1882 |   1853 |     29 |   1065 |    116 |   1 | 1882.0 |
               +--------+--------+--------+--------+--------+-----+--------+

Top non-repeatable levels by time:
       D: 1882 daAuts
